AoeStats
← Gnam

Arabian Desert

510355467Analyzed
1v1 RM · 2d ago on Sep 30, 2026· 34m 9s· 2 players
Game mode
Random Map
Map size
Tiny (2 player)
Population
200
Speed
Normal
Resources
Standard
Victory
Conquest
Starting age
Dark Age
Ending age
Imperial Age
RankedLock teamsTeams togetherTeam positionsShared explorationLock speedFull tech treeHidden civsTurbo modeCheats
Victory
Defeat
🇨🇿 Hindustanis · Czechia
1073
+16
🇨🇴 Mapuche · Colombia
1082
-16
Gnam
10:16 Feudal Age
15:04 Castle Age
15:44 Loom
26:19 Town Watch
26:37 Scale Mail Armor
30:14 Double-Bit Axe
30:11 Horse Collar
30:24 Stone Mining
31:09 Squires
30:55 Arson
32:34 Forging
MALTA CON CANELITA
6:04 Loom
9:31 Feudal Age
9:46 Champi Runner
11:02 Forging
12:09 Scale Mail Armor
17:12 Wheelbarrow
19:07 Horse Collar
19:45 Double-Bit Axe
24:54 Castle Age
24:57 Champi Warrior
25:41 Champi Warrior
27:32 Iron Casting
28:18 Chain Mail Armor
Connection lost

Rejoining the realm…

Still unreachable

The connection could not be restored.

Session expired

The server has moved on; the page needs a fresh start.